AoeStats
← b站江条

Arabia

509830312Analyzed
1v1 RM · 3d ago on Sep 28, 2026· 33m 36s· 2 players
Game mode
Random Map
Map size
Tiny (2 player)
Population
200
Speed
Normal
Resources
Standard
Victory
Conquest
Starting age
Dark Age
Ending age
Imperial Age
RankedLock teamsTeams togetherTeam positionsShared explorationLock speedFull tech treeHidden civsTurbo modeCheats
Victory
Defeat
🇨🇳 Franks · China
1333
+14
🇦🇺 Mongols · Australia
1290
-14
LittleCaesar
5:15 Loom
8:20 Feudal Age
9:03 Double-Bit Axe
20:57 Castle Age
18:53 Horse Collar
19:25 Gold Mining
20:23 Fletching
20:40 Scale Barding Armor
21:36 Forging
22:20 Bloodlines
28:30 Town Watch
30:27 Fletching
32:56 Wheelbarrow
32:57 Husbandry
33:42 Padded Archer Armor
b站江条
6:48 Loom
9:13 Feudal Age
9:44 Double-Bit Axe
20:28 Castle Age
19:12 Scale Barding Armor
20:27 Gold Mining
20:50 Forging
21:58 Gold Shaft Mining
23:24 Bow Saw
26:50 Wheelbarrow
26:22 Town Watch
27:00 Chain Barding Armor
26:59 Pikeman
32:24 Hand Cart
35:12 Imperial Age
Connection lost

Rejoining the realm…

Still unreachable

The connection could not be restored.

Session expired

The server has moved on; the page needs a fresh start.